[ AOE2 MATCH · #461084101 ]
Team RMMapuche vs Aztecs
[ REPLAY ANALYSIS · EXTRACTED FROM THE RECORDED GAME ]
Feudal
10:34
Castle
16:36
Imperial
31:28
| APM avg | 24.1 |
| APM peak | 60 |
| eAPM avg | 17.1 |
| Villagers / military | 133 / 0 |
Focus
⚔️ 44.4% · 🌾 55.6%
Unknown (2550) ×362
Feudal
11:15
Castle
16:56
Imperial
28:54
| APM avg | 17.4 |
| APM peak | 39 |
| eAPM avg | 9.2 |
| Villagers / military | 80 / 382 |
Focus
⚔️ 28.8% · 🌾 71.2%
Skirmisher ×215 · Eagle Scout ×78 · Jaguar Warrior ×72 · Spearman ×15 · Monk ×2
Feudal
11:21
Castle
15:52
Imperial
33:24
| APM avg | 19.2 |
| APM peak | 40 |
| eAPM avg | 14.1 |
| Villagers / military | 152 / 471 |
Focus
⚔️ 37.0% · 🌾 63.0%
Scout Cavalry ×236 · Knight ×104 · Camel Archer ×84 · Camel Scout ×39 · Monk ×4 · Trebuchet (Packed) ×4
Feudal
10:59
Castle
14:34
Imperial
31:02
| APM avg | 29.6 |
| APM peak | 81 |
| eAPM avg | 18.3 |
| Villagers / military | 147 / 496 |
Focus
⚔️ 37.8% · 🌾 62.2%
Archer ×225 · Eagle Scout ×185 · Skirmisher ×70 · Trebuchet (Packed) ×7 · Battering Ram ×6 · Monk ×3
Feudal
10:44
Castle
14:30
Imperial
28:48
| APM avg | 32.6 |
| APM peak | 86 |
| eAPM avg | 21.2 |
| Villagers / military | 152 / 296 |
Focus
⚔️ 23.5% · 🌾 76.5%
Knight ×169 · Scout Cavalry ×113 · Petard ×7 · Trebuchet (Packed) ×7
Feudal
10:49
Castle
15:18
Imperial
—
| APM avg | 45.5 |
| APM peak | 131 |
| eAPM avg | 17.7 |
| Villagers / military | 225 / 28 |
Focus
⚔️ 35.5% · 🌾 64.5%
Unknown (2562) ×197 · Scorpion ×11 · Battering Ram ×4 · Monk ×4 · Mangonel ×4 · Skirmisher ×4
Feudal
11:11
Castle
14:53
Imperial
—
| APM avg | 16.9 |
| APM peak | 49 |
| eAPM avg | 13.0 |
| Villagers / military | 179 / 7 |
Focus
⚔️ 17.6% · 🌾 82.4%
Hussite Wagon ×6 · Mangonel ×1
Feudal
10:45
Castle
14:55
Imperial
28:55
| APM avg | 36.5 |
| APM peak | 92 |
| eAPM avg | 20.4 |
| Villagers / military | 98 / 320 |
Focus
⚔️ 48.9% · 🌾 51.1%
Scout Cavalry ×175 · Janissary ×128 · Bombard Cannon ×17
Match map
Initial resources + every placement click. Lines = walls · curves = elevation contours. ◆ gold · ⬟ stone · ● berries · ✦ relic · ◌ wall gap
Your base· ✓ Closed at 16:36 · 0t walls · 3 gate(s)
valmik2786's base· ✓ Closed at 16:56 · 0t walls · 2 gate(s)
golden Eagle's base· ✓ Closed at 15:52 · 0t walls · 2 gate(s)
長安's base· ✓ Closed at 14:34 · 0t walls · 3 gate(s)
BlueKID's base· ✓ Closed at 14:30 · 0t walls · 3 gate(s)
COBR3LOA4566's base· ✓ Closed at 15:18 · 0t walls · 2 gate(s)
Combi | Cuauhpilli's base· ✓ Closed at 14:53 · 0t walls · 2 gate(s)
TheLawRøcK®'s base· ✓ Closed at 14:55 · 0t walls · 3 gate(s)
Smoothed initial terrain · ◌ = detected wall gap · hover for details
Inputs per minute
— matiasdaniel - - valmik2786
Build order — matiasdaniel
First 150 of 427 actions detected
| 0:02 | Create | Villager (Male) |
| 0:02 | Create | Villager (Male) |
| 0:02 | Create | Villager (Male) |
| 0:02 | Create | Villager (Male) |
| 0:04 | Build | House |
| 0:05 | Build | House |
| 1:22 | Create | Villager (Male) |
| 1:23 | Create | Villager (Male) |
| 1:55 | Build | Settlement |
| 2:03 | Create | Villager (Male) |
| 2:03 | Create | Villager (Male) |
| 2:03 | Create | Villager (Male) |
| 2:30 | Create | Villager (Male) |
| 2:30 | Create | Villager (Male) |
| 3:23 | Create | Villager (Male) |
| 3:23 | Create | Villager (Male) |
| 3:23 | Create | Villager (Male) |
| 3:43 | Create | Villager (Male) |
| 3:44 | Create | Villager (Male) |
| 4:15 | Create | Villager (Male) |
| 4:16 | Create | Villager (Male) |
| 4:55 | Create | Villager (Male) |
| 4:55 | Create | Villager (Male) |
| 4:56 | Create | Villager (Male) |
| 5:01 | Create | Villager (Male) |
| 5:42 | Create | Villager (Male) |
| 5:42 | Create | Villager (Male) |
| 5:42 | Create | Villager (Male) |
| 5:49 | Create | Villager (Male) |
| 5:58 | Build | Settlement |
| 6:57 | Create | Villager (Male) |
| 7:21 | Create | Villager (Male) |
| 7:48 | Build | House |
| 7:50 | Build | House |
| 7:50 | Build | House |
| 7:59 | Create | Villager (Male) |
| 8:15 | Research | Feudal Age |
| 8:16 | Research | Feudal Age |
| 8:48 | Build | House |
| 8:50 | Build | House |
| 8:56 | Build | Barracks |
| 10:05 | Create | Villager (Male) |
| 10:05 | Create | Villager (Male) |
| 10:34 | Age | Feudal Age |
| 10:38 | Build | Market |
| 10:43 | Build | Blacksmith |
| 10:49 | Research | Double-Bit Axe |
| 10:49 | Research | Double-Bit Axe |
| 10:49 | Research | Double-Bit Axe |
| 10:50 | Research | Horse Collar |
| 10:50 | Research | Horse Collar |
| 10:50 | Research | Horse Collar |
| 11:06 | Create | Villager (Male) |
| 11:09 | Create | Villager (Male) |
| 11:17 | Build | Settlement |
| 12:02 | Create | Villager (Male) |
| 12:05 | Build | Farm |
| 12:08 | Build | Farm |
| 12:40 | Create | Villager (Male) |
| 12:42 | Create | Villager (Male) |
| 12:51 | Build | Barracks |
| 12:53 | Build | House |
| 12:54 | Build | House |
| 13:11 | Build | Farm |
| 13:23 | Create | Villager (Male) |
| 13:26 | Build | Farm |
| 13:29 | Build | Farm |
| 13:40 | Build | Farm |
| 13:56 | Research | Castle Age |
| 13:56 | Research | Castle Age |
| 13:57 | Research | Castle Age |
| 14:00 | Build | Farm |
| 14:15 | Build | House |
| 14:20 | Build | Farm |
| 14:27 | Create | Unit 2550 |
| 14:27 | Create | Unit 2550 |
| 14:28 | Create | Unit 2550 |
| 14:29 | Create | Unit 2550 |
| 14:30 | Create | Unit 2550 |
| 14:51 | Build | Farm |
| 14:54 | Build | Farm |
| 14:58 | Build | Farm |
| 15:02 | Create | Villager (Male) |
| 15:03 | Create | Unit 2550 |
| 15:03 | Create | Unit 2550 |
| 15:27 | Research | Tech 1402 |
| 15:27 | Research | Tech 1402 |
| 15:27 | Research | Tech 1402 |
| 15:36 | Build | House |
| 15:37 | Build | House |
| 15:39 | Create | Unit 2550 |
| 15:39 | Create | Unit 2550 |
| 15:48 | Build | Farm |
| 15:51 | Build | Farm |
| 15:54 | Build | Farm |
| 15:59 | Create | Unit 2550 |
| 15:59 | Create | Unit 2550 |
| 16:25 | Build | Farm |
| 16:27 | Build | Farm |
| 16:33 | Create | Unit 2550 |
| 16:33 | Create | Unit 2550 |
| 16:36 | Research | Gold Mining |
| 16:36 | Age | Castle Age |
| 16:36 | Research | Gold Mining |
| 16:41 | Create | Villager (Male) |
| 17:00 | Research | Scale Mail Armor |
| 17:01 | Research | Scale Mail Armor |
| 17:32 | Create | Villager (Male) |
| 17:36 | Create | Unit 2550 |
| 17:36 | Create | Unit 2550 |
| 17:56 | Create | Villager (Male) |
| 18:03 | Create | Unit 2550 |
| 18:03 | Create | Unit 2550 |
| 18:04 | Create | Unit 2550 |
| 18:04 | Create | Unit 2550 |
| 18:08 | Build | Town Center |
| 18:22 | Research | Tech 1351 |
| 18:22 | Research | Tech 1351 |
| 18:23 | Create | Unit 2550 |
| 18:23 | Create | Unit 2550 |
| 18:49 | Create | Unit 2550 |
| 18:56 | Build | Farm |
| 18:58 | Build | Farm |
| 19:02 | Build | Farm |
| 19:04 | Create | Villager (Male) |
| 19:16 | Research | Forging |
| 19:16 | Research | Forging |
| 19:20 | Build | Farm |
| 19:24 | Create | Villager (Male) |
| 19:24 | Create | Villager (Male) |
| 19:27 | Research | Loom |
| 19:33 | Create | Unit 2550 |
| 19:33 | Create | Unit 2550 |
| 19:33 | Create | Unit 2550 |
| 20:11 | Create | Villager (Male) |
| 20:13 | Create | Unit 2550 |
| 20:13 | Create | Unit 2550 |
| 20:15 | Build | Barracks |
| 20:28 | Research | Iron Casting |
| 20:29 | Research | Iron Casting |
| 20:33 | Create | Unit 2550 |
| 20:34 | Create | Unit 2550 |
| 20:48 | Create | Unit 2550 |
| 20:49 | Create | Unit 2550 |
| 20:54 | Build | Farm |
| 20:57 | Build | Farm |
| 20:59 | Build | Farm |
| 21:02 | Build | Farm |
| 21:03 | Create | Villager (Male) |
| 21:05 | Create | Villager (Male) |
Build order — valmik2786
First 150 of 309 actions detected
| 0:03 | Research | Loom |
| 0:03 | Create | Villager (Male) |
| 0:03 | Create | Villager (Male) |
| 0:05 | Build | House |
| 0:08 | Build | House |
| 0:56 | Create | Villager (Male) |
| 1:32 | Create | Villager (Male) |
| 2:03 | Create | Villager (Male) |
| 2:24 | Create | Villager (Male) |
| 2:59 | Create | Villager (Male) |
| 3:05 | Build | Mill |
| 3:23 | Create | Villager (Male) |
| 3:30 | Build | House |
| 3:47 | Create | Villager (Male) |
| 4:11 | Create | Villager (Male) |
| 4:33 | Create | Villager (Male) |
| 4:53 | Create | Villager (Male) |
| 5:08 | Build | Lumber Camp |
| 5:27 | Create | Villager (Male) |
| 5:38 | Build | House |
| 5:45 | Create | Villager (Male) |
| 6:26 | Create | Villager (Male) |
| 6:44 | Create | Villager (Male) |
| 7:18 | Create | Villager (Male) |
| 7:43 | Create | Villager (Male) |
| 7:46 | Build | Farm |
| 8:13 | Create | Villager (Male) |
| 8:15 | Build | Farm |
| 8:24 | Build | House |
| 8:25 | Build | House |
| 8:39 | Create | Villager (Male) |
| 8:44 | Build | Farm |
| 9:05 | Research | Feudal Age |
| 9:13 | Build | Mining Camp |
| 11:15 | Age | Feudal Age |
| 11:16 | Create | Villager (Male) |
| 11:18 | Research | Town Watch |
| 11:51 | Build | Market |
| 12:01 | Research | Wheelbarrow |
| 12:36 | Build | Blacksmith |
| 13:23 | Create | Villager (Male) |
| 13:49 | Create | Villager (Male) |
| 14:16 | Research | Castle Age |
| 14:30 | Research | Gold Mining |
| 14:35 | Research | Double-Bit Axe |
| 14:46 | Research | Horse Collar |
| 15:08 | Build | Mining Camp |
| 15:44 | Build | Farm |
| 15:48 | Build | Farm |
| 16:22 | Research | Stone Mining |
| 16:56 | Age | Castle Age |
| 16:57 | Create | Villager (Male) |
| 17:05 | Build | Monastery |
| 17:20 | Create | Villager (Male) |
| 17:43 | Create | Villager (Male) |
| 17:44 | Create | Monk |
| 17:53 | Create | Villager (Male) |
| 18:14 | Create | Villager (Male) |
| 18:19 | Build | Town Center |
| 18:25 | Create | Villager (Male) |
| 18:29 | Build | House |
| 18:30 | Build | House |
| 18:32 | Build | House |
| 18:42 | Create | Villager (Male) |
| 18:51 | Build | House |
| 19:01 | Create | Villager (Male) |
| 19:38 | Build | House |
| 19:40 | Build | House |
| 19:46 | Research | Bow Saw |
| 19:50 | Research | Heavy Plow |
| 19:55 | Build | Farm |
| 20:14 | Create | Monk |
| 20:22 | Build | Farm |
| 20:32 | Build | Farm |
| 20:33 | Build | Farm |
| 20:34 | Build | Farm |
| 20:35 | Create | Villager (Male) |
| 20:44 | Create | Villager (Male) |
| 20:58 | Create | Villager (Male) |
| 21:03 | Build | Farm |
| 21:08 | Create | Villager (Male) |
| 21:15 | Build | Farm |
| 21:34 | Create | Villager (Male) |
| 21:38 | Build | Farm |
| 21:44 | Build | Farm |
| 21:46 | Create | Villager (Male) |
| 21:56 | Create | Villager (Male) |
| 22:04 | Create | Villager (Male) |
| 22:06 | Build | Farm |
| 22:20 | Create | Villager (Male) |
| 22:26 | Create | Villager (Male) |
| 22:30 | Build | Farm |
| 22:34 | Create | Villager (Male) |
| 22:37 | Build | Farm |
| 22:48 | Build | Castle |
| 22:52 | Create | Villager (Male) |
| 22:54 | Build | Farm |
| 22:56 | Create | Villager (Male) |
| 22:59 | Create | Villager (Male) |
| 23:01 | Build | Farm |
| 23:33 | Build | Farm |
| 23:35 | Create | Villager (Male) |
| 23:41 | Build | Farm |
| 23:42 | Create | Villager (Male) |
| 23:45 | Build | Farm |
| 23:48 | Build | Farm |
| 23:50 | Create | Villager (Male) |
| 24:15 | Build | Farm |
| 24:17 | Create | Villager (Male) |
| 24:22 | Build | Farm |
| 24:35 | Build | Mill |
| 24:37 | Create | Villager (Male) |
| 24:38 | Create | Villager (Male) |
| 24:40 | Build | Farm |
| 24:52 | Build | University |
| 25:04 | Build | Farm |
| 25:07 | Create | Villager (Male) |
| 25:09 | Build | Farm |
| 25:11 | Create | Villager (Male) |
| 25:35 | Build | Farm |
| 25:37 | Build | Farm |
| 25:41 | Build | Farm |
| 25:44 | Research | Imperial Age |
| 25:48 | Build | Farm |
| 25:51 | Create | Villager (Male) |
| 25:58 | Create | Villager (Male) |
| 26:06 | Build | House |
| 26:08 | Build | House |
| 26:09 | Build | House |
| 26:10 | Build | House |
| 26:18 | Build | Barracks |
| 26:20 | Research | Forging |
| 26:21 | Research | Scale Mail Armor |
| 26:25 | Create | Villager (Male) |
| 26:37 | Research | Gold Shaft Mining |
| 26:58 | Research | Fletching |
| 27:02 | Research | Ballistics |
| 27:05 | Create | Villager (Male) |
| 27:08 | Create | Villager (Male) |
| 27:16 | Build | Lumber Camp |
| 27:28 | Research | Arson |
| 27:30 | Research | Squires |
| 27:30 | Research | Pikeman (upgrade) |
| 27:33 | Build | House |
| 27:38 | Build | Barracks |
| 27:40 | Build | Barracks |
| 27:46 | Create | Villager (Male) |
| 27:56 | Create | Villager (Male) |
| 28:10 | Build | Barracks |
| 28:17 | Create | Jaguar Warrior ×5 |
Build order — golden Eagle
First 150 of 457 actions detected
| 0:01 | Research | Loom |
| 0:01 | Create | Villager (Male) |
| 0:01 | Create | Villager (Male) |
| 0:02 | Create | Villager (Male) |
| 0:02 | Create | Villager (Male) |
| 0:04 | Build | House |
| 0:05 | Build | House |
| 0:06 | Build | House |
| 0:07 | Build | House |
| 1:48 | Create | Villager (Male) |
| 2:12 | Create | Villager (Male) |
| 2:45 | Create | Villager (Male) |
| 3:09 | Create | Villager (Male) |
| 3:34 | Create | Villager (Male) |
| 3:34 | Create | Villager (Male) |
| 4:03 | Create | Villager (Male) |
| 4:23 | Create | Villager (Male) |
| 5:03 | Build | Lumber Camp |
| 5:12 | Build | Mill |
| 5:15 | Create | Villager (Male) |
| 5:15 | Create | Villager (Male) |
| 5:25 | Create | Villager (Male) |
| 6:25 | Create | Villager (Male) |
| 6:39 | Create | Villager (Male) |
| 7:12 | Create | Villager (Male) |
| 7:17 | Create | Villager (Male) |
| 7:30 | Create | Villager (Male) |
| 7:30 | Create | Villager (Male) |
| 7:30 | Create | Villager (Male) |
| 7:32 | Create | Villager (Male) |
| 7:36 | Create | Villager (Male) |
| 8:06 | Create | Villager (Male) |
| 8:23 | Build | House |
| 8:24 | Build | House |
| 8:56 | Build | Mining Camp |
| 9:06 | Research | Feudal Age |
| 9:41 | Create | Villager (Male) |
| 9:42 | Create | Villager (Male) |
| 9:42 | Create | Villager (Male) |
| 10:33 | Create | Villager (Male) |
| 10:34 | Create | Villager (Male) |
| 10:34 | Create | Villager (Male) |
| 10:41 | Create | Villager (Male) |
| 11:00 | Create | Villager (Male) |
| 11:21 | Age | Feudal Age |
| 11:27 | Build | Market |
| 11:31 | Build | Blacksmith |
| 12:13 | Create | Villager (Male) |
| 13:12 | Research | Castle Age |
| 13:39 | Research | Horse Collar |
| 14:31 | Build | Farm |
| 14:32 | Build | Farm |
| 14:34 | Build | Farm |
| 14:34 | Build | Farm |
| 14:35 | Build | Farm |
| 14:36 | Build | Farm |
| 14:37 | Build | Farm |
| 14:38 | Build | Farm |
| 14:46 | Research | Double-Bit Axe |
| 15:23 | Build | Farm |
| 15:24 | Build | Farm |
| 15:25 | Build | Farm |
| 15:26 | Build | Farm |
| 15:27 | Build | Farm |
| 15:37 | Create | Villager (Male) |
| 15:38 | Create | Villager (Male) |
| 15:52 | Age | Castle Age |
| 15:56 | Build | Town Center |
| 16:10 | Create | Villager (Male) |
| 16:10 | Create | Villager (Male) |
| 16:21 | Create | Villager (Male) |
| 16:26 | Build | Farm |
| 16:34 | Build | Farm |
| 16:59 | Create | Villager (Male) |
| 16:59 | Create | Villager (Male) |
| 17:00 | Create | Villager (Male) |
| 17:12 | Build | Farm |
| 17:15 | Create | Villager (Male) |
| 17:15 | Create | Villager (Male) |
| 17:29 | Research | Bow Saw |
| 17:41 | Build | House |
| 17:44 | Build | House |
| 17:50 | Create | Villager (Male) |
| 17:50 | Create | Villager (Male) |
| 17:50 | Create | Villager (Male) |
| 18:21 | Build | Town Center |
| 18:29 | Create | Villager (Male) |
| 18:30 | Create | Villager (Male) |
| 18:30 | Create | Villager (Male) |
| 18:45 | Build | Monastery |
| 18:49 | Create | Villager (Male) |
| 18:50 | Create | Villager (Male) |
| 18:50 | Create | Villager (Male) |
| 19:45 | Create | Villager (Male) |
| 19:45 | Create | Villager (Male) |
| 19:45 | Create | Villager (Male) |
| 19:46 | Create | Villager (Male) |
| 19:46 | Create | Villager (Male) |
| 19:46 | Create | Villager (Male) |
| 19:50 | Build | House |
| 19:51 | Build | House |
| 19:51 | Build | House |
| 19:52 | Build | House |
| 19:53 | Build | House |
| 19:56 | Create | Monk |
| 20:08 | Create | Villager (Male) |
| 20:10 | Create | Villager (Male) |
| 20:17 | Build | Farm |
| 20:18 | Build | Farm |
| 20:19 | Build | Farm |
| 20:20 | Build | Farm |
| 20:29 | Build | Farm |
| 20:30 | Build | Farm |
| 20:31 | Build | Farm |
| 20:32 | Build | Farm |
| 20:33 | Build | Farm |
| 20:34 | Build | Farm |
| 20:35 | Create | Villager (Male) |
| 20:36 | Create | Villager (Male) |
| 20:36 | Create | Villager (Male) |
| 20:43 | Create | Villager (Male) |
| 20:48 | Build | House |
| 20:48 | Build | House |
| 20:49 | Build | House |
| 20:50 | Build | House |
| 20:51 | Build | House |
| 20:53 | Create | Villager (Male) |
| 20:58 | Create | Monk |
| 21:02 | Create | Villager (Male) |
| 21:13 | Create | Villager (Male) |
| 21:21 | Create | Villager (Male) |
| 21:21 | Create | Villager (Male) |
| 21:29 | Create | Villager (Male) |
| 21:48 | Create | Villager (Male) |
| 21:48 | Create | Villager (Male) |
| 21:49 | Create | Villager (Male) |
| 21:49 | Create | Villager (Male) |
| 21:55 | Build | Town Center |
| 21:57 | Create | Villager (Male) |
| 21:57 | Create | Villager (Male) |
| 22:05 | Create | Monk |
| 22:19 | Create | Villager (Male) |
| 22:19 | Create | Villager (Male) |
| 22:19 | Create | Villager (Male) |
| 22:20 | Create | Villager (Male) |
| 22:38 | Build | Town Center |
| 22:42 | Create | Villager (Male) |
| 22:42 | Create | Villager (Male) |
| 22:42 | Create | Villager (Male) |
| 22:42 | Create | Villager (Male) |
Build order — 長安
First 150 of 479 actions detected
| 0:02 | Create | Villager (Male) |
| 0:02 | Create | Villager (Male) |
| 0:02 | Create | Villager (Male) |
| 0:02 | Create | Villager (Male) |
| 0:03 | Create | Villager (Male) |
| 0:07 | Build | House |
| 0:10 | Build | House |
| 1:27 | Create | Villager (Male) |
| 1:27 | Create | Villager (Male) |
| 1:54 | Create | Villager (Male) |
| 2:33 | Create | Villager (Male) |
| 2:33 | Create | Villager (Male) |
| 2:33 | Create | Villager (Male) |
| 2:45 | Build | Lumber Camp |
| 2:59 | Create | Villager (Male) |
| 2:59 | Create | Villager (Male) |
| 2:59 | Create | Villager (Male) |
| 2:59 | Create | Villager (Male) |
| 3:30 | Build | House |
| 3:32 | Build | House |
| 3:39 | Create | Villager (Male) |
| 3:40 | Create | Villager (Male) |
| 3:41 | Create | Villager (Male) |
| 3:42 | Create | Villager (Male) |
| 4:17 | Create | Villager (Male) |
| 4:17 | Create | Villager (Male) |
| 4:17 | Create | Villager (Male) |
| 4:43 | Build | House |
| 5:10 | Create | Villager (Male) |
| 5:10 | Create | Villager (Male) |
| 5:11 | Create | Villager (Male) |
| 5:35 | Create | Villager (Male) |
| 5:35 | Create | Villager (Male) |
| 5:35 | Create | Villager (Male) |
| 6:01 | Build | Mining Camp |
| 6:25 | Create | Villager (Male) |
| 6:25 | Create | Villager (Male) |
| 6:37 | Create | Villager (Male) |
| 6:37 | Create | Villager (Male) |
| 6:37 | Create | Villager (Male) |
| 6:38 | Create | Villager (Male) |
| 6:50 | Create | Villager (Male) |
| 6:50 | Create | Villager (Male) |
| 7:13 | Create | Villager (Male) |
| 7:14 | Create | Villager (Male) |
| 7:14 | Create | Villager (Male) |
| 7:19 | Build | Mill |
| 7:28 | Create | Villager (Male) |
| 7:28 | Create | Villager (Male) |
| 8:46 | Research | Feudal Age |
| 9:39 | Create | Villager (Male) |
| 9:39 | Create | Villager (Male) |
| 10:59 | Age | Feudal Age |
| 11:04 | Build | Market |
| 11:09 | Build | Blacksmith |
| 11:54 | Research | Castle Age |
| 11:54 | Research | Castle Age |
| 11:55 | Research | Castle Age |
| 12:03 | Build | House |
| 12:07 | Research | Double-Bit Axe |
| 12:07 | Research | Double-Bit Axe |
| 12:23 | Research | Horse Collar |
| 12:45 | Build | House |
| 13:05 | Research | Gold Mining |
| 13:05 | Research | Gold Mining |
| 13:20 | Build | House |
| 13:22 | Build | House |
| 14:16 | Create | Villager (Male) |
| 14:16 | Create | Villager (Male) |
| 14:34 | Age | Castle Age |
| 14:37 | Build | Monastery |
| 14:38 | Create | Villager (Male) |
| 14:45 | Build | Town Center |
| 14:53 | Research | Bow Saw |
| 14:53 | Research | Bow Saw |
| 14:57 | Create | Villager (Male) |
| 14:57 | Create | Villager (Male) |
| 14:58 | Create | Villager (Male) |
| 15:16 | Research | Heavy Plow |
| 15:16 | Research | Heavy Plow |
| 15:25 | Create | Monk |
| 15:28 | Build | House |
| 15:29 | Build | House |
| 15:41 | Create | Villager (Male) |
| 15:42 | Create | Villager (Male) |
| 15:51 | Build | Farm |
| 15:53 | Build | Farm |
| 15:55 | Build | Farm |
| 15:57 | Build | Farm |
| 16:06 | Build | Farm |
| 16:10 | Build | Farm |
| 16:11 | Build | Farm |
| 16:13 | Build | Farm |
| 16:51 | Build | Farm |
| 16:52 | Build | Farm |
| 16:53 | Create | Villager (Male) |
| 16:53 | Create | Villager (Male) |
| 17:01 | Build | Farm |
| 17:07 | Build | Farm |
| 17:08 | Build | Farm |
| 17:14 | Research | Loom |
| 17:23 | Create | Villager (Male) |
| 17:23 | Create | Villager (Male) |
| 17:27 | Create | Villager (Male) |
| 17:28 | Create | Villager (Male) |
| 17:29 | Create | Villager (Male) |
| 17:30 | Create | Villager (Male) |
| 17:46 | Build | Farm |
| 17:52 | Create | Villager (Male) |
| 17:52 | Create | Villager (Male) |
| 17:56 | Build | Farm |
| 17:59 | Build | Farm |
| 18:04 | Create | Villager (Male) |
| 18:15 | Create | Villager (Male) |
| 18:26 | Build | Town Center |
| 18:32 | Create | Villager (Male) |
| 18:35 | Create | Villager (Male) |
| 18:53 | Create | Villager (Male) |
| 19:11 | Create | Villager (Male) |
| 19:12 | Create | Villager (Male) |
| 19:25 | Create | Monk |
| 19:35 | Create | Villager (Male) |
| 19:36 | Create | Villager (Male) |
| 19:51 | Create | Villager (Male) |
| 19:52 | Create | Villager (Male) |
| 19:56 | Build | Farm |
| 19:58 | Build | Farm |
| 20:02 | Build | Farm |
| 20:03 | Build | Farm |
| 20:05 | Build | Farm |
| 20:07 | Build | Farm |
| 20:16 | Create | Villager (Male) |
| 20:17 | Create | Villager (Male) |
| 20:18 | Create | Villager (Male) |
| 20:25 | Build | University |
| 20:33 | Build | Barracks |
| 20:34 | Create | Monk |
| 20:52 | Research | Wheelbarrow |
| 21:02 | Create | Villager (Male) |
| 21:03 | Create | Villager (Male) |
| 21:08 | Create | Villager (Male) |
| 21:37 | Create | Villager (Male) |
| 21:45 | Build | Archery Range |
| 21:50 | Build | Archery Range |
| 21:54 | Build | Archery Range |
| 21:57 | Create | Villager (Male) |
| 21:58 | Create | Villager (Male) |
| 21:58 | Create | Villager (Male) |
| 21:59 | Create | Villager (Male) |
| 22:13 | Create | Villager (Male) |
Build order — BlueKID
First 150 of 492 actions detected
| 0:03 | Create | Villager (Male) ×4 |
| 0:03 | Create | Villager (Male) ×4 |
| 0:06 | Build | House |
| 0:08 | Build | House |
| 1:33 | Create | Villager (Male) |
| 1:34 | Create | Villager (Male) |
| 1:49 | Build | Lumber Camp |
| 1:58 | Create | Villager (Male) |
| 1:58 | Create | Villager (Male) |
| 1:58 | Create | Villager (Male) |
| 2:28 | Create | Villager (Male) |
| 2:28 | Create | Villager (Male) |
| 3:02 | Create | Villager (Male) |
| 3:02 | Create | Villager (Male) |
| 3:02 | Create | Villager (Male) |
| 3:02 | Create | Villager (Male) |
| 3:34 | Create | Villager (Male) |
| 3:34 | Create | Villager (Male) |
| 4:09 | Build | Mill |
| 4:10 | Create | Villager (Male) |
| 4:44 | Create | Villager (Male) |
| 4:50 | Create | Villager (Male) |
| 4:50 | Create | Villager (Male) |
| 5:17 | Create | Villager (Male) |
| 5:18 | Create | Villager (Male) |
| 5:46 | Create | Villager (Male) |
| 5:46 | Create | Villager (Male) |
| 5:46 | Create | Villager (Male) |
| 6:10 | Build | House |
| 6:11 | Create | Villager (Male) |
| 6:11 | Create | Villager (Male) |
| 6:23 | Create | Villager (Male) |
| 6:23 | Create | Villager (Male) |
| 6:53 | Build | House |
| 7:38 | Create | Villager (Male) |
| 8:02 | Create | Villager (Male) |
| 8:13 | Build | Mining Camp |
| 8:30 | Research | Feudal Age |
| 8:58 | Create | Villager (Male) |
| 8:58 | Create | Villager (Male) |
| 8:58 | Create | Villager (Male) |
| 10:44 | Age | Feudal Age |
| 10:46 | Build | Market |
| 10:59 | Build | Blacksmith |
| 11:06 | Research | Double-Bit Axe |
| 11:50 | Research | Castle Age |
| 12:05 | Build | House |
| 12:37 | Research | Horse Collar |
| 12:37 | Research | Horse Collar |
| 12:38 | Research | Horse Collar |
| 12:41 | Build | Farm |
| 12:42 | Build | Farm |
| 12:44 | Build | Farm |
| 12:55 | Build | Farm |
| 13:34 | Create | Villager (Male) |
| 13:34 | Create | Villager (Male) |
| 13:35 | Create | Villager (Male) |
| 14:30 | Age | Castle Age |
| 14:33 | Build | Town Center |
| 14:36 | Research | Bow Saw |
| 14:36 | Research | Bow Saw |
| 14:36 | Research | Heavy Plow |
| 14:36 | Research | Heavy Plow |
| 14:43 | Build | Farm |
| 14:48 | Build | Farm |
| 14:57 | Create | Villager (Male) |
| 15:07 | Build | Farm |
| 15:18 | Build | House |
| 15:19 | Build | House |
| 15:35 | Create | Villager (Male) |
| 15:56 | Create | Villager (Male) |
| 15:56 | Create | Villager (Male) |
| 16:02 | Build | Farm |
| 16:18 | Build | Mill |
| 16:20 | Build | Farm |
| 16:22 | Build | Farm |
| 16:24 | Build | Farm |
| 16:28 | Create | Villager (Male) |
| 16:41 | Create | Villager (Male) |
| 16:43 | Build | House |
| 16:44 | Build | House |
| 17:06 | Build | Barracks |
| 17:07 | Create | Villager (Male) |
| 17:19 | Build | University |
| 17:27 | Build | Barracks |
| 17:31 | Create | Villager (Male) |
| 17:33 | Create | Villager (Male) |
| 17:39 | Build | Farm |
| 17:43 | Build | Farm |
| 17:46 | Build | Farm |
| 17:48 | Build | Farm |
| 17:49 | Create | Villager (Male) |
| 17:51 | Build | Farm |
| 17:57 | Create | Villager (Male) |
| 18:10 | Build | Farm |
| 18:13 | Build | Mill |
| 18:17 | Build | Farm |
| 18:18 | Create | Villager (Male) |
| 18:21 | Research | Wheelbarrow |
| 18:22 | Research | Wheelbarrow |
| 18:25 | Create | Villager (Male) |
| 18:28 | Build | Farm |
| 18:31 | Create | Villager (Male) |
| 18:41 | Build | House |
| 18:50 | Build | Farm |
| 18:54 | Build | Farm |
| 18:56 | Create | Villager (Male) |
| 19:26 | Build | Stable |
| 19:40 | Build | Farm |
| 20:13 | Create | Villager (Male) |
| 20:14 | Create | Villager (Male) |
| 20:14 | Create | Villager (Male) |
| 20:14 | Create | Villager (Male) |
| 20:15 | Create | Villager (Male) |
| 20:15 | Create | Villager (Male) |
| 20:18 | Create | Villager (Male) |
| 20:18 | Create | Villager (Male) |
| 20:40 | Build | Stable |
| 20:44 | Create | Villager (Male) |
| 20:44 | Create | Villager (Male) |
| 20:47 | Research | Stone Mining |
| 20:47 | Research | Stone Mining |
| 20:51 | Research | Gold Mining |
| 20:51 | Research | Gold Mining |
| 20:51 | Create | Villager (Male) |
| 20:52 | Create | Villager (Male) |
| 20:59 | Build | Mining Camp |
| 21:01 | Create | Villager (Male) |
| 21:11 | Create | Villager (Male) |
| 21:14 | Build | Farm |
| 21:16 | Build | Farm |
| 21:48 | Create | Villager (Male) |
| 21:57 | Build | Stable |
| 22:05 | Create | Villager (Male) |
| 22:23 | Build | Mining Camp |
| 22:30 | Research | Loom |
| 22:35 | Research | Hand Cart |
| 22:35 | Create | Villager (Male) |
| 22:54 | Build | Stable |
| 23:04 | Create | Villager (Male) |
| 23:24 | Build | Lumber Camp |
| 23:38 | Research | Bloodlines |
| 23:39 | Research | Husbandry |
| 23:39 | Research | Husbandry |
| 23:39 | Research | Husbandry |
| 23:41 | Research | Light Cavalry (upgrade) |
| 23:41 | Research | Light Cavalry (upgrade) |
| 23:41 | Research | Light Cavalry (upgrade) |
| 24:02 | Build | Castle |
| 24:17 | Research | Scale Barding Armor |
Build order — COBR3LOA4566
First 150 of 353 actions detected
| 0:01 | Create | Villager (Male) |
| 0:01 | Create | Villager (Male) |
| 0:03 | Build | House |
| 0:04 | Build | House |
| 0:53 | Create | Villager (Male) |
| 0:53 | Create | Villager (Male) |
| 0:54 | Create | Villager (Male) |
| 0:54 | Create | Villager (Male) |
| 1:34 | Create | Villager (Male) |
| 1:34 | Create | Villager (Male) |
| 1:34 | Create | Villager (Male) |
| 1:53 | Build | Settlement |
| 1:57 | Create | Villager (Male) |
| 1:57 | Create | Villager (Male) |
| 2:19 | Create | Villager (Male) |
| 2:20 | Create | Villager (Male) |
| 2:53 | Create | Villager (Male) |
| 2:53 | Create | Villager (Male) |
| 3:22 | Create | Villager (Male) |
| 3:23 | Create | Villager (Male) |
| 3:23 | Create | Villager (Male) |
| 3:32 | Build | House |
| 3:38 | Build | Settlement |
| 3:43 | Create | Villager (Male) |
| 3:44 | Create | Villager (Male) |
| 4:18 | Create | Villager (Male) |
| 4:19 | Create | Villager (Male) |
| 4:21 | Build | House |
| 4:41 | Create | Villager (Male) |
| 4:41 | Create | Villager (Male) |
| 4:41 | Create | Villager (Male) |
| 4:46 | Build | House |
| 5:05 | Build | Farm |
| 5:08 | Create | Villager (Male) |
| 5:08 | Create | Villager (Male) |
| 5:18 | Create | Villager (Male) |
| 5:19 | Create | Villager (Male) |
| 5:19 | Create | Villager (Male) |
| 5:42 | Create | Villager (Male) |
| 5:43 | Create | Villager (Male) |
| 5:43 | Create | Villager (Male) |
| 6:01 | Create | Villager (Male) |
| 6:02 | Create | Villager (Male) |
| 6:02 | Create | Villager (Male) |
| 6:15 | Create | Villager (Male) |
| 6:16 | Create | Villager (Male) |
| 6:23 | Create | Villager (Male) |
| 6:24 | Create | Villager (Male) |
| 6:45 | Create | Villager (Male) |
| 6:45 | Create | Villager (Male) |
| 6:46 | Create | Villager (Male) |
| 7:24 | Create | Villager (Male) |
| 7:25 | Create | Villager (Male) |
| 7:25 | Create | Villager (Male) |
| 7:25 | Create | Villager (Male) |
| 8:10 | Create | Villager (Male) |
| 8:35 | Build | Farm |
| 8:39 | Research | Feudal Age |
| 9:05 | Build | House |
| 9:12 | Build | Settlement |
| 9:42 | Create | Villager (Male) |
| 10:49 | Age | Feudal Age |
| 10:54 | Build | Market |
| 10:58 | Build | Blacksmith |
| 11:04 | Create | Villager (Male) |
| 11:05 | Create | Villager (Male) |
| 11:05 | Create | Villager (Male) |
| 11:05 | Create | Villager (Male) |
| 11:14 | Build | Farm |
| 12:38 | Research | Castle Age |
| 12:38 | Research | Castle Age |
| 14:22 | Create | Villager (Male) |
| 15:18 | Age | Castle Age |
| 15:19 | Build | Siege Workshop |
| 15:27 | Create | Villager (Male) |
| 15:36 | Build | Farm |
| 15:39 | Build | Farm |
| 15:51 | Build | House |
| 15:57 | Create | Unit 1105 |
| 16:22 | Create | Battering Ram |
| 16:23 | Create | Villager (Male) |
| 16:37 | Build | Monastery |
| 17:32 | Create | Villager (Male) |
| 17:38 | Create | Battering Ram |
| 17:39 | Create | Monk |
| 18:03 | Build | House |
| 18:05 | Create | Villager (Male) |
| 18:05 | Create | Villager (Male) |
| 18:12 | Build | Farm |
| 18:16 | Build | Farm |
| 18:21 | Create | Battering Ram |
| 18:23 | Create | Monk |
| 18:33 | Build | House |
| 18:43 | Build | House |
| 18:44 | Create | Villager (Male) |
| 18:51 | Create | Battering Ram |
| 18:52 | Create | Monk |
| 21:07 | Create | Villager (Male) |
| 21:07 | Create | Villager (Male) |
| 21:07 | Create | Villager (Male) |
| 24:26 | Build | Outpost |
| 24:53 | Build | Barracks |
| 24:58 | Create | Villager (Male) |
| 24:58 | Create | Villager (Male) |
| 24:59 | Create | Villager (Male) |
| 24:59 | Create | Villager (Male) |
| 25:02 | Create | Villager (Male) |
| 25:17 | Build | Town Center |
| 25:31 | Create | Villager (Male) |
| 25:48 | Research | Double-Bit Axe |
| 25:51 | Research | Horse Collar |
| 26:15 | Build | Siege Workshop |
| 26:37 | Create | Monk |
| 26:52 | Create | Villager (Male) |
| 26:52 | Create | Villager (Male) |
| 26:52 | Create | Villager (Male) |
| 26:52 | Create | Villager (Male) |
| 26:53 | Create | Villager (Male) |
| 26:53 | Create | Villager (Male) |
| 27:02 | Create | Villager (Male) ×5 |
| 27:22 | Build | Town Center |
| 27:26 | Create | Villager (Male) ×5 |
| 27:38 | Create | Scorpion |
| 27:41 | Create | Mangonel |
| 28:48 | Create | Scorpion |
| 29:14 | Create | Villager (Male) |
| 29:14 | Create | Villager (Male) |
| 29:14 | Create | Villager (Male) |
| 29:18 | Research | Wheelbarrow |
| 29:21 | Research | Loom |
| 29:25 | Research | Town Watch |
| 29:34 | Build | House |
| 29:35 | Build | House |
| 29:41 | Create | Villager (Male) ×5 |
| 29:42 | Create | Villager (Male) |
| 29:42 | Create | Villager (Male) |
| 30:13 | Create | Scorpion |
| 30:23 | Build | Castle |
| 30:50 | Create | Scorpion |
| 30:50 | Create | Villager (Male) |
| 30:51 | Create | Villager (Male) |
| 30:51 | Create | Villager (Male) |
| 30:51 | Create | Villager (Male) |
| 30:51 | Create | Villager (Male) |
| 31:29 | Build | Settlement |
| 31:35 | Create | Unit 2562 ×5 |
| 31:38 | Create | Unit 2562 ×5 |
| 31:38 | Create | Unit 2562 ×5 |
| 31:38 | Create | Unit 2562 ×5 |
| 31:39 | Create | Unit 2562 ×5 |
Build order — Combi | Cuauhpilli
First 150 of 243 actions detected
| 0:03 | Create | Villager (Male) |
| 0:03 | Create | Villager (Male) |
| 0:03 | Create | Villager (Male) |
| 0:05 | Build | House |
| 0:06 | Build | House |
| 0:24 | Create | Villager (Male) |
| 0:24 | Create | Villager (Male) |
| 1:26 | Create | Villager (Male) |
| 1:26 | Create | Villager (Male) |
| 1:27 | Create | Villager (Male) |
| 1:49 | Create | Villager (Male) |
| 1:49 | Create | Villager (Male) |
| 2:30 | Create | Villager (Male) |
| 2:31 | Create | Villager (Male) |
| 2:31 | Create | Villager (Male) |
| 2:31 | Create | Villager (Male) |
| 3:04 | Create | Villager (Male) |
| 3:05 | Create | Villager (Male) |
| 3:05 | Create | Villager (Male) |
| 3:05 | Create | Villager (Male) |
| 3:23 | Build | House |
| 3:31 | Create | Villager (Male) |
| 3:31 | Create | Villager (Male) |
| 3:34 | Build | House |
| 3:39 | Build | Lumber Camp |
| 3:51 | Create | Villager (Male) |
| 3:51 | Create | Villager (Male) |
| 3:51 | Create | Villager (Male) |
| 4:17 | Build | House |
| 4:18 | Build | House |
| 4:26 | Create | Villager (Male) |
| 4:26 | Create | Villager (Male) |
| 4:26 | Create | Villager (Male) |
| 5:04 | Create | Villager (Male) |
| 5:04 | Create | Villager (Male) |
| 5:34 | Create | Villager (Male) |
| 5:34 | Create | Villager (Male) |
| 5:35 | Create | Villager (Male) |
| 5:35 | Create | Villager (Male) |
| 5:35 | Create | Villager (Male) |
| 6:08 | Build | Mill |
| 6:43 | Create | Villager (Male) |
| 6:43 | Create | Villager (Male) |
| 6:44 | Create | Villager (Male) |
| 6:44 | Create | Villager (Male) |
| 7:34 | Build | Mining Camp |
| 7:45 | Create | Villager (Male) |
| 8:27 | Create | Villager (Male) |
| 8:27 | Create | Villager (Male) |
| 8:31 | Build | Farm |
| 8:36 | Build | Farm |
| 8:52 | Research | Feudal Age |
| 8:57 | Build | Farm |
| 9:18 | Create | Villager (Male) |
| 9:18 | Create | Villager (Male) |
| 11:11 | Age | Feudal Age |
| 11:15 | Build | Market |
| 11:17 | Build | Blacksmith |
| 12:01 | Build | House |
| 12:13 | Research | Castle Age |
| 12:54 | Create | Villager (Male) |
| 12:55 | Create | Villager (Male) |
| 14:53 | Age | Castle Age |
| 14:57 | Build | Town Center |
| 15:02 | Build | Town Center |
| 15:21 | Create | Villager (Male) |
| 15:22 | Research | Loom |
| 15:27 | Build | Siege Workshop |
| 15:54 | Research | Town Watch |
| 16:01 | Create | Mangonel |
| 16:24 | Create | Villager (Male) ×5 |
| 16:24 | Create | Villager (Male) ×5 |
| 16:35 | Build | House |
| 16:36 | Build | House |
| 17:04 | Build | House |
| 17:20 | Build | House |
| 17:23 | Build | House |
| 17:58 | Build | Town Center |
| 18:28 | Create | Villager (Male) |
| 18:50 | Build | Town Center |
| 19:02 | Build | Farm |
| 19:16 | Build | Farm |
| 19:20 | Build | Farm |
| 19:52 | Build | Castle |
| 20:39 | Build | Mining Camp |
| 21:56 | Create | Hussite Wagon |
| 21:57 | Create | Hussite Wagon |
| 21:57 | Create | Hussite Wagon |
| 21:57 | Create | Hussite Wagon |
| 22:15 | Build | House |
| 22:19 | Build | House |
| 22:22 | Build | House |
| 22:24 | Build | Stone Wall |
| 22:26 | Build | House |
| 22:32 | Create | Hussite Wagon |
| 22:33 | Create | Hussite Wagon |
| 22:36 | Build | House |
| 22:51 | Create | Villager (Male) |
| 22:51 | Create | Villager (Male) |
| 22:51 | Create | Villager (Male) |
| 22:51 | Create | Villager (Male) |
| 22:52 | Create | Villager (Male) |
| 23:40 | Build | Mining Camp |
| 26:26 | Build | Town Center |
| 29:25 | Create | Villager (Male) |
| 29:25 | Create | Villager (Male) |
| 32:36 | Build | Farm |
| 32:40 | Build | House |
| 32:41 | Build | House |
| 35:57 | Build | Farm |
| 35:59 | Create | Villager (Male) |
| 36:00 | Create | Villager (Male) |
| 38:04 | Create | Villager (Male) |
| 38:04 | Create | Villager (Male) |
| 38:04 | Create | Villager (Male) |
| 38:11 | Build | Farm |
| 39:43 | Create | Villager (Male) |
| 39:43 | Create | Villager (Male) |
| 39:44 | Create | Villager (Male) |
| 39:55 | Build | Farm |
| 40:18 | Build | Town Center |
| 40:27 | Build | House |
| 40:28 | Build | House |
| 40:29 | Build | House |
| 40:30 | Build | House |
| 40:36 | Create | Villager (Male) |
| 40:36 | Create | Villager (Male) |
| 40:37 | Create | Villager (Male) |
| 40:37 | Create | Villager (Male) |
| 42:05 | Create | Villager (Male) |
| 42:05 | Create | Villager (Male) |
| 42:05 | Create | Villager (Male) |
| 42:05 | Create | Villager (Male) |
| 42:20 | Build | Mining Camp |
| 42:31 | Build | Farm |
| 43:27 | Build | House |
| 43:27 | Build | House |
| 43:45 | Build | Farm |
| 43:50 | Create | Villager (Male) |
| 43:50 | Create | Villager (Male) |
| 43:50 | Create | Villager (Male) |
| 43:59 | Create | Villager (Male) |
| 45:05 | Build | Town Center |
| 45:12 | Build | University |
| 45:16 | Build | House |
| 45:16 | Build | House |
| 45:17 | Build | House |
| 45:19 | Build | House |
| 45:21 | Build | House |
| 45:27 | Create | Villager (Male) ×5 |
Build order — TheLawRøcK®
First 150 of 569 actions detected
| 0:02 | Create | Villager (Male) |
| 0:02 | Create | Villager (Male) |
| 0:02 | Create | Villager (Male) |
| 0:03 | Create | Villager (Male) |
| 0:13 | Build | House |
| 0:40 | Build | House |
| 1:49 | Create | Villager (Male) |
| 1:49 | Create | Villager (Male) |
| 2:03 | Create | Villager (Male) |
| 2:04 | Create | Villager (Male) |
| 2:38 | Create | Villager (Male) |
| 2:38 | Create | Villager (Male) |
| 2:42 | Create | Villager (Male) |
| 2:42 | Create | Villager (Male) |
| 3:27 | Create | Villager (Male) |
| 3:27 | Create | Villager (Male) |
| 3:53 | Create | Villager (Male) |
| 3:54 | Create | Villager (Male) |
| 3:59 | Build | House |
| 4:08 | Build | House |
| 4:21 | Create | Villager (Male) |
| 4:22 | Create | Villager (Male) |
| 4:50 | Create | Villager (Male) |
| 4:50 | Create | Villager (Male) |
| 4:50 | Create | Villager (Male) |
| 5:23 | Build | Mill |
| 5:30 | Create | Villager (Male) |
| 5:31 | Create | Villager (Male) |
| 5:40 | Build | Lumber Camp |
| 6:05 | Create | Villager (Male) |
| 6:05 | Create | Villager (Male) |
| 6:27 | Create | Villager (Male) |
| 6:36 | Build | Farm |
| 6:49 | Build | Farm |
| 6:53 | Create | Villager (Male) |
| 7:00 | Create | Villager (Male) |
| 7:00 | Create | Villager (Male) |
| 8:21 | Build | Mining Camp |
| 8:27 | Research | Feudal Age |
| 9:49 | Build | House |
| 10:05 | Build | House |
| 10:33 | Create | Villager (Male) |
| 10:45 | Age | Feudal Age |
| 10:52 | Build | Market |
| 11:00 | Create | Villager (Male) |
| 11:19 | Build | Blacksmith |
| 11:45 | Create | Villager (Male) |
| 12:15 | Research | Castle Age |
| 12:33 | Research | Double-Bit Axe |
| 12:59 | Research | Horse Collar |
| 12:59 | Research | Horse Collar |
| 13:24 | Build | Farm |
| 13:31 | Build | Farm |
| 13:37 | Build | Lumber Camp |
| 13:45 | Build | Farm |
| 14:14 | Build | Farm |
| 14:37 | Build | Palisade Gate |
| 14:48 | Research | Wheelbarrow |
| 14:55 | Age | Castle Age |
| 15:02 | Research | Bow Saw |
| 15:05 | Research | Heavy Plow |
| 15:36 | Build | Town Center |
| 15:52 | Build | House |
| 16:11 | Build | House |
| 16:14 | Create | Villager (Male) |
| 16:42 | Build | Palisade Wall |
| 16:48 | Build | Farm |
| 16:53 | Build | Farm |
| 16:55 | Build | Farm |
| 16:57 | Build | Farm |
| 16:59 | Create | Villager (Male) |
| 17:00 | Create | Villager (Male) |
| 17:22 | Create | Villager (Male) |
| 17:25 | Research | Hand Cart |
| 17:38 | Build | Farm |
| 17:45 | Build | Palisade Wall |
| 17:58 | Build | Town Center |
| 18:18 | Build | Farm |
| 18:19 | Build | Farm |
| 18:20 | Create | Villager (Male) |
| 18:20 | Create | Villager (Male) |
| 18:20 | Create | Villager (Male) |
| 18:27 | Build | Farm |
| 18:47 | Create | Villager (Male) |
| 19:05 | Create | Villager (Male) |
| 19:05 | Create | Villager (Male) |
| 19:05 | Create | Villager (Male) |
| 19:06 | Create | Villager (Male) |
| 19:15 | Build | Farm |
| 19:18 | Build | Farm |
| 19:47 | Build | Farm |
| 19:53 | Create | Villager (Male) |
| 19:53 | Create | Villager (Male) |
| 19:53 | Create | Villager (Male) |
| 20:01 | Build | Farm |
| 20:03 | Build | Farm |
| 20:07 | Create | Villager (Male) |
| 20:08 | Create | Villager (Male) |
| 20:08 | Create | Villager (Male) |
| 20:36 | Build | Siege Workshop |
| 20:41 | Create | Villager (Male) |
| 20:42 | Create | Villager (Male) |
| 20:42 | Create | Villager (Male) |
| 20:42 | Create | Villager (Male) |
| 20:42 | Create | Villager (Male) |
| 21:00 | Build | Farm |
| 21:04 | Build | Farm |
| 21:05 | Build | Farm |
| 21:08 | Build | Farm |
| 21:11 | Create | Villager (Male) |
| 21:11 | Create | Villager (Male) |
| 21:11 | Create | Villager (Male) |
| 21:20 | Build | Mining Camp |
| 21:25 | Build | House |
| 21:29 | Create | Villager (Male) |
| 21:29 | Create | Villager (Male) |
| 21:29 | Create | Villager (Male) |
| 21:33 | Research | Gold Mining |
| 21:55 | Build | House |
| 22:03 | Create | Villager (Male) |
| 22:03 | Create | Villager (Male) |
| 22:21 | Build | House |
| 22:32 | Build | Farm |
| 22:43 | Create | Villager (Male) |
| 22:43 | Create | Villager (Male) |
| 22:43 | Create | Villager (Male) |
| 22:57 | Build | Lumber Camp |
| 23:05 | Build | Lumber Camp |
| 23:10 | Create | Villager (Male) |
| 23:10 | Create | Villager (Male) |
| 23:10 | Create | Villager (Male) |
| 23:11 | Create | Villager (Male) |
| 23:14 | Build | Mining Camp |
| 23:19 | Build | House |
| 23:23 | Build | House |
| 23:28 | Create | Villager (Male) |
| 23:28 | Create | Villager (Male) |
| 23:28 | Create | Villager (Male) |
| 23:53 | Build | Farm |
| 23:56 | Build | Farm |
| 24:00 | Build | Mill |
| 24:08 | Build | Farm |
| 24:13 | Create | Villager (Male) |
| 24:18 | Build | Farm |
| 24:20 | Create | Villager (Male) |
| 24:21 | Create | Villager (Male) |
| 24:31 | Build | University |
| 24:38 | Build | House |
| 24:42 | Build | House |
| 24:45 | Create | Villager (Male) |
Match timeline
| 8:56 | matiasdaniel · first_building Barracks |
| 10:34 | matiasdaniel · age_up feudal |
| 10:44 | BlueKID · age_up feudal |
| 10:45 | TheLawRøcK® · age_up feudal |
| 10:49 | COBR3LOA4566 · age_up feudal |
| 10:59 | 長安 · age_up feudal |
| 11:11 | Combi | Cuauhpilli · age_up feudal |
| 11:15 | valmik2786 · age_up feudal |
| 11:21 | golden Eagle · age_up feudal |
| 12:17 | COBR3LOA4566 · first_market_buy 100 food |
| 14:30 | BlueKID · age_up castle |
| 14:34 | 長安 · age_up castle |
| 14:37 | 長安 · first_building Monastery |
| 14:53 | Combi | Cuauhpilli · age_up castle |
| 14:55 | TheLawRøcK® · age_up castle |
| 15:18 | COBR3LOA4566 · age_up castle |
| 15:19 | COBR3LOA4566 · first_building Siege Workshop |
| 15:23 | matiasdaniel · first_market_sell 100 wood |
| 15:27 | Combi | Cuauhpilli · first_building Siege Workshop |
| 15:52 | golden Eagle · age_up castle |
| 16:36 | matiasdaniel · age_up castle |
| 16:37 | COBR3LOA4566 · first_building Monastery |
| 16:42 | TheLawRøcK® · wall_segment Palisade Wall x1 |
| 16:56 | valmik2786 · age_up castle |
| 17:05 | valmik2786 · first_building Monastery |
| 17:06 | BlueKID · first_building Barracks |
| 17:45 | TheLawRøcK® · wall_segment Palisade Wall x1 |
| 18:45 | golden Eagle · first_building Monastery |
| 19:26 | BlueKID · first_building Stable |
| 19:47 | Combi | Cuauhpilli · first_market_buy 100 stone |
| 19:52 | Combi | Cuauhpilli · first_building Castle |
| 20:33 | 長安 · first_building Barracks |
| 20:36 | TheLawRøcK® · first_building Siege Workshop |
| 21:45 | 長安 · first_building Archery Range |
| 22:24 | Combi | Cuauhpilli · wall_segment Stone Wall x1 |
| 22:48 | valmik2786 · first_building Castle |
| 24:02 | BlueKID · first_building Castle |
| 24:53 | COBR3LOA4566 · first_building Barracks |
| 26:07 | golden Eagle · first_building Castle |
| 26:18 | valmik2786 · first_building Barracks |
| 26:56 | 長安 · first_building Castle |
| 27:40 | matiasdaniel · first_building Monastery |
| 27:43 | 長安 · first_market_buy 100 food |
| 28:48 | BlueKID · age_up imperial |
| 28:54 | valmik2786 · age_up imperial |
| 28:55 | TheLawRøcK® · age_up imperial |
| 28:55 | golden Eagle · first_building Barracks |
| 29:35 | golden Eagle · first_building Stable |
| 29:45 | BlueKID · first_market_sell 100 wood |
| 29:58 | TheLawRøcK® · first_building Castle |
| 30:23 | COBR3LOA4566 · first_building Castle |
| 30:53 | valmik2786 · first_building Archery Range |
| 31:02 | 長安 · age_up imperial |
| 31:28 | matiasdaniel · age_up imperial |
| 32:08 | TheLawRøcK® · wall_segment Palisade Wall x1 |
| 32:55 | TheLawRøcK® · first_market_buy 100 stone |
| 33:24 | golden Eagle · age_up imperial |
| 33:43 | golden Eagle · first_market_sell 100 food |
| 35:30 | matiasdaniel · first_market_buy 100 stone |
| 35:34 | matiasdaniel · first_building Castle |
| 38:00 | COBR3LOA4566 · first_building Archery Range |
| 40:02 | BlueKID · tribute_sent a jugador 1 |
| 40:02 | BlueKID · tribute_sent a jugador 2 |
| 40:02 | BlueKID · tribute_sent a jugador 3 |
| 40:02 | BlueKID · tribute_sent a jugador 4 |
| 40:02 | BlueKID · tribute_sent a jugador 6 |
| 40:02 | BlueKID · tribute_sent a jugador 7 |
| 40:02 | BlueKID · tribute_sent a jugador 8 |
| 41:03 | BlueKID · wall_segment Stone Wall x4 |
| 43:23 | BlueKID · resign |
| 44:12 | 長安 · first_building Siege Workshop |
| 44:33 | valmik2786 · tribute_sent a jugador 2 |
| 44:33 | valmik2786 · tribute_sent a jugador 3 |
| 44:33 | valmik2786 · tribute_sent a jugador 4 |
| 44:33 | valmik2786 · tribute_sent a jugador 5 |
| 44:33 | valmik2786 · tribute_sent a jugador 6 |
| 44:33 | valmik2786 · tribute_sent a jugador 7 |
| 44:33 | valmik2786 · tribute_sent a jugador 8 |
| 45:06 | 長安 · tribute_sent a jugador 1 |
| 45:06 | 長安 · tribute_sent a jugador 2 |
| 45:06 | 長安 · tribute_sent a jugador 4 |
| 45:06 | 長安 · tribute_sent a jugador 5 |
| 45:06 | 長安 · tribute_sent a jugador 6 |
| 45:06 | 長安 · tribute_sent a jugador 7 |
| 45:06 | 長安 · tribute_sent a jugador 8 |
| 46:27 | COBR3LOA4566 · first_market_sell 100 food |
| 46:54 | TheLawRøcK® · first_building Barracks |
| 47:41 | TheLawRøcK® · first_building Stable |
| 49:31 | Combi | Cuauhpilli · first_market_sell 100 food |
| 49:35 | Combi | Cuauhpilli · first_building Monastery |
| 51:44 | golden Eagle · tribute_sent a jugador 1 |
| 51:44 | golden Eagle · tribute_sent a jugador 3 |
| 51:44 | golden Eagle · tribute_sent a jugador 4 |
| 51:44 | golden Eagle · tribute_sent a jugador 5 |
| 51:44 | golden Eagle · tribute_sent a jugador 6 |
| 51:44 | golden Eagle · tribute_sent a jugador 7 |
| 51:44 | golden Eagle · tribute_sent a jugador 8 |
| 53:34 | valmik2786 · tribute_sent a jugador 2 |
| 53:34 | valmik2786 · tribute_sent a jugador 3 |
| 53:34 | valmik2786 · tribute_sent a jugador 4 |
| 53:34 | valmik2786 · tribute_sent a jugador 5 |
| 53:34 | valmik2786 · tribute_sent a jugador 6 |
| 53:34 | valmik2786 · tribute_sent a jugador 7 |
| 53:34 | valmik2786 · tribute_sent a jugador 8 |
| 54:20 | 長安 · tribute_sent a jugador 1 |
| 54:20 | 長安 · tribute_sent a jugador 2 |
| 54:20 | 長安 · tribute_sent a jugador 4 |
| 54:20 | 長安 · tribute_sent a jugador 5 |
| 54:20 | 長安 · tribute_sent a jugador 6 |
| 54:20 | 長安 · tribute_sent a jugador 7 |
| 54:20 | 長安 · tribute_sent a jugador 8 |
[ AI ANALYSIS · 1 CREDIT ]
What really happened in this match?
Wolo.gg analyzes every decision: build order, eco, micro, common mistakes by bracket. Personalized analysis on WhatsApp or Discord in 30 seconds.
Civ guide
Mapuche
Map guide
Arena
Perfil
Jugador #21342088